 Dungeon Crawl Stone Soup version 0.29-a0-529-gfa20dd96a1 (webtiles) character file.

Game seed: 16137892310828003012

5 gnolly the Grave Robber (level 1, 0/13 HPs)
             Began as a Mummy Necromancer on Nov 3, 2020.
             Slain by a bat (1 damage)
             ... on level 2 of the Dungeon on June 1, 2022.
             The game lasted 00:04:38 (683 turns).

gnolly the Grave Robber (Mummy Necromancer)          Turns: 683, Time: 00:04:39

Health: 0/13       AC:  2    Str: 11    XL:     1   Next: 66%
Magic:  4/4        EV: 12    Int: 14    God:
Gold:   54         SH:  0    Dex: 12    Spells: 3/5 levels left

rFire   x . .      SeeInvis .   (no weapon)
rCold   + . .      Faith    .   (no shield)
rNeg    + + +      Spirit   .   a - +0 robe
rPois   ∞          Reflect  .   (no helmet)
rElec   .          Harm     .   (no cloak)
rCorr   .          Rampage  .   (no gloves)
Will    .....                   (no boots)
Stlth   ++........              (no amulet)
HPRegen 0.04/turn               (no ring)
MPRegen 0.09/turn               (no ring)

@: no status effects
A: cold resistance 1, negative energy resistance 3, torment resistance 2, heat
vulnerability 1, no potions
a: no special abilities


You were on level 2 of the Dungeon.
You visited 1 branch of the dungeon, and saw 2 of its levels.

You collected 54 gold pieces.

Inventory:

Hand Weapons
 i - a +0 mace
Armour
 a - a +0 robe (worn)
 h - a +2 leather armour of positive energy
Jewellery
 g - a ring of willpower {unknown}
Scrolls
 b - a scroll of blinking {unknown}
 c - a scroll of fear {unknown}
 d - 3 scrolls of removedness
 e - a scroll of identify {unknown}
 f - 2 scrolls of teleportation {unknown}


   Skills:
 + Level 1.5 Dodging
 + Level 1.6 Stealth
 + Level 2.8 Spellcasting
 * Level 4.2 Necromancy


You had 3 spell levels left.
You knew the following spells:

 Your Spells              Type           Power      Damage    Failure   Level
a - Pain                  Necr           52%        1d6       4%          1
b - Animate Skeleton      Necr           26%        N/A       4%          1

Your spell library contained the following spells:

 Spells                   Type           Power      Damage    Failure   Level
 Vampiric Draining        Necr           13%        2d6       12%         3
 Animate Dead             Necr           13%        N/A       36%         4
 Agony                    Necr           13%        N/A       73%         5


Dungeon Overview and Level Annotations

Branches:
Dungeon (2/15)

Altars:


Innate Abilities, Weirdness & Mutations

You are immune to poison.
Your flesh is cold resistant. (rC+)
You are immune to negative energy. (rN+++)
You are immune to unholy pain and torment.
You are vulnerable to heat. (rF-)
You do not drink.


Message History

Save game and exit?
Welcome back, gnolly the Mummy Necromancer.
Press ? for a list of commands and other information.
HP restored.
Done exploring.
Done exploring.
There is a stone staircase leading down here.
You climb downwards.
Couldn't find overflow temple tag 'temple_overflow_generic_1'!
Found a scroll labelled TEAFUTIALU and a ring mail.
Found an escape hatch in the floor.
There is a stone staircase leading up here.
Found a robe.
You see here a scroll labelled TEAFUTIALU.
The hobgoblin shouts!
You see here a +0 ring mail.
The bat hits you but does no damage. The bat hits you.
The hobgoblin closely misses you. The bat barely misses you.
The bat hits you but does no damage.
The hobgoblin hits you but does no damage.
The bat hits you. The hobgoblin hits you. The hobgoblin barely misses you.
The bat hits you. The hobgoblin hits you. The bat barely misses you.
The hobgoblin misses you. The bat hits you but does no damage.
The bat misses you.
The hobgoblin hits you but does no damage.
The bat hits you but does no damage. The hobgoblin hits you.
* * * LOW HITPOINT WARNING * * *
The bat completely misses you. The hobgoblin barely misses you.
The bat misses you. The bat barely misses you. x2
The hobgoblin hits you but does no damage.
The bat hits you but does no damage. The hobgoblin misses you.
The bat hits you.
* * * LOW HITPOINT WARNING * * *
The hobgoblin barely misses you. The bat barely misses you.
The hobgoblin hits you.
* * * LOW HITPOINT WARNING * * *
The bat misses you. The hobgoblin closely misses you. The bat hits you.
You die...

..## #... #..##
#...# #...# #
.######..#.#####
........<.......
.######?##.#####
#..g@.# #
#...b[# #.....#
..>...##
###..... #.....
...... ..######


You could see a hobgoblin and a bat.

Vanquished Creatures
  A goblin (D:1)
  A hobgoblin (D:1)
  A bat (D:1)
  A frilled lizard (D:1)
  2 rats (D:1)
6 creatures vanquished.

Notes
Turn   | Place    | Note
-------+----------+-------------------------------------------
     0 | D:1      | gnolly the Mummy Necromancer began the quest for the Orb.
     0 | D:1      | Reached XP level 1. HP: 13/13 MP: 4/4
   313 | D:1      | Learned a level 1 spell: Animate Skeleton
   632 | D:1      | Upgraded the game from 0.26-a0-720-g2a1d101370 to
                  | 0.29-a0-529-gfa20dd96a1
   683 | D:2      | Slain by a bat

Illustrated notes

Levels and vault maps discovered:
D:1:      minmay_arrival_five_plusses, layout_rooms
D:2:      layout_basic

Action                   || total
-------------------------++-------
Melee: Unarmed           ||     9
 Cast: Pain              ||     5
       Animate Skeleton  ||     1
Armor: Robe              ||     8
Dodge: Dodged            ||    21

Table legend: (Time is in decaauts)
 A = Elapsed time spent in this place.
 B = Non-inter-level travel time spent in this place.
 C = Inter-level travel time spent in this place.
 D = Time resting spent in this place.
 E = Time spent auto-exploring this place.
 F = Levels seen in this place.
 G = Mean time per level.
                   A        B        C        D        E       F      G
               +--------+--------+--------+--------+--------+-----+--------+
         Total |    682 |    660 |     22 |      0 |    522 |   2 |  341.0 |
       Dungeon |    682 |    660 |     22 |      0 |    522 |   2 |  341.0 |
               +--------+--------+--------+--------+--------+-----+--------+

Top non-repeatable levels by time:
     D:1: 664 daAuts
     D:2: 18 daAuts
